 Dungeon Crawl Stone Soup version 0.22.0-36-g8e74550 (webtiles) character file.

2709 iamserjio the Covert (level 9, 36/36 HPs)
             Began as a Felid Chaos Knight on Aug 24, 2018.
             Quit the game on level 2 of the Lair of Beasts.
             The game lasted 00:57:45 (18362 turns).

iamserjio the Covert (Felid Chaos Knight)          Turns: 18362, Time: 00:57:45

Health: 36/36      AC:  3    Str: 11    XL:     9   Next: 39%
Magic:  16/16      EV: 26    Int: 19    God:    Xom [..*...]
Gold:   382        SH:  0    Dex: 13    Spells: 10/16 levels left
                                        Lives:  0   Deaths: 3

rFire    + . .     SeeInvis +     - Unarmed
rCold    + . .     Gourm    .   (shield unavailable)
rNeg     . . .     Faith    .   (armour unavailable)
rPois    .         Spirit   .   (helmet unavailable)
rElec    +         Reflect  .   (cloak unavailable)
rCorr    .         Harm     .   (gloves unavailable)
MR       +....                  (boots unavailable)
Stlth    +++++.....             (no amulet)
HPRegen  0.12/turn              b - +2 ring of evasion
MPRegen  0.15/turn              (no ring)

@: quick
A: very small, no armour, no weapons or thrown items, stealth, claws 1, fangs 3,
see invisible, carnivore, clever 1, clumsy 1, deterioration 1, fire resistance
1, speed 1, frail 1, mutation resistance 1, sense surroundings 1, screaming 2,
shaggy fur 3, electricity resistance, slow metabolism 1, strong 1, MP-powered
wands, sharp paws
a: Renounce Religion


You were on level 2 of the Lair of Beasts.
You worshipped Xom.
You were a toy of Xom.
You were not hungry.

You visited 4 branches of the dungeon, and saw 15 of its levels.

You collected 628 gold pieces.
You spent 246 gold pieces at shops.

Inventory:

Missiles
 h - 277 arrows
Jewellery
 b - a +2 ring of evasion (left paw)
Wands
 f - a wand of paralysis (9)
 p - a wand of digging (10)
 u - a wand of flame (30)
 y - a wand of random effects (23)
 E - a wand of acid (12)
 F - a wand of polymorph (14)
Scrolls
 c - 2 scrolls of fear {unknown}
 k - 3 scrolls of fog
 l - 2 scrolls of enchant weapon {unknown}
 n - 2 scrolls of blinking {unknown}
 q - a scroll of random uselessness {unknown}
 s - 5 scrolls of remove curse {@r2}
 w - 2 scrolls of immolation
 x - 3 scrolls of magic mapping
 z - 2 scrolls of amnesia {unknown}
 A - a scroll of acquirement {unknown}
 D - a scroll of noise {unknown}
 H - a scroll of teleportation
 I - a scroll of torment
Potions
 d - a potion of might {unknown}
 e - a potion of cancellation {unknown}
 g - 6 potions of curing {@q1}
 i - 5 potions of degeneration
 j - a potion of invisibility
 m - 2 potions of resistance
 o - 2 potions of heal wounds
 r - a potion of flight {unknown}
 t - 2 potions of lignification {unknown}
 v - 2 potions of ambrosia {unknown}
 B - a potion of mutation {unknown}
 C - 2 potions of haste {unknown}
 G - a potion of brilliance {unknown}
Comestibles
 a - 28 rations


   Skills:
 + Level 6.0 Fighting
 + Level 10.2 Dodging
 + Level 10.7 Stealth
 + Level 10.6 Unarmed Combat
 - Level 4.0 Spellcasting
 - Level 3.0 Hexes
 - Level 2.1 Necromancy
 - Level 6.0 Evocations


You had 10 spell levels left.
You knew the following spells:

 Your Spells              Type           Power        Failure   Level  Hunger
a - Animate Skeleton      Necr           N/A          6%          1    None
b - Confusing Touch       Hex            ###...       4%          1    None
c - Summon Butterflies    Summ           #.......     14%         1    None
d - Tukima's Dance        Hex            ###.....     12%         3    ###....

Your spell library contained the following spells:

 Spells                   Type           Power        Failure   Level  Hunger
 Apportation              Tloc           #.....       14%         1    None
 Magic Dart               Conj           #...         14%         1    None
 Summon Small Mammal      Summ           #...         14%         1    None
 Call Imp                 Summ           #.......     21%         2    ##.....
 Searing Ray              Conj           #.....       21%         2    ##.....
 Dazzling Spray           Conj/Hex       #.....       22%         3    ###....
 Summon Guardian Golem    Hex/Summ       #.......     22%         3    ###....
 Cause Fear               Hex            ###.......   36%         4    ####...
 Call Canine Familiar     Summ           #.......     38%         3    ###....
 Lesser Beckoning         Tloc           #.........   38%         3    ###....
 Fulminant Prism          Conj/Hex       #.........   58%         4    ####...
 Force Lance              Conj/Tloc      #.......     80%         4    ####...
 Iskenderun's Mystic Bla  Conj           #.......     80%         4    ####...
 Summon Ice Beast         Ice/Summ       #.......     80%         4    ####...
 Summon Lightning Spire   Summ/Air       #.......     80%         4    ####...
 Silence                  Hex/Air        #.........   90%         5    ######.
 Yara's Violent Unravell  Hex/Tmut       #.........   90%         5    ######.
 Alistair's Intoxication  Tmut/Pois      #.......     98%         5    ######.
 Invisibility             Hex            ###.....     99%         6    #######
 Deflect Missiles         Chrm/Air       #.........   100%        6    #######
 Discord                  Hex            ###.......   100%        8    #######


Dungeon Overview and Level Annotations

Branches:
Dungeon (11/15)            Temple (1/1) D:4            Lair (2/6) D:8
    Orc (1/2) D:9
  Swamp: Lair:2-4    Shoals: Lair:2-4     Snake: Lair:2-4    Spider: Lair:2-4

Altars:
Ashenzari
Cheibriados
Dithmenos
Elyvilon
Fedhas
Gozag
Hepliaklqana
Kikubaaqudgha
Makhleb
Nemelex Xobeh
Okawaru
Qazlal
Ru
Sif Muna
Trog
Uskayaw
Vehumet
Wu Jian
Xom
Yredelemnul
Zin
The Shining One
Lugonu

Shops:
D:4 }   D:8 ?(   D:9 %

Annotations:
D:7 3 transporters, iamserjio's ghost, novice TrFi
D:8 2 transporters, p0werm0de's ghost, novice VSWn
D:10 Josephine


Innate Abilities, Weirdness & Mutations

You cannot wear armour.
You are incapable of wielding weapons or throwing items.
Your paws allow you to move quietly. (Stealth)
You have sharp claws.
You have razor-sharp teeth.
You have supernaturally acute eyesight. (SInv)
You are carnivorous and can eat meat at any time.
You cover ground quickly.
Your thick and shaggy fur keeps you warm. (AC +3, rC+)
You have a slow metabolism.
Your sharp claws are effective at attacking unaware monsters.
Your mind is acute. (Int +2)
You are clumsy. (Dex -2)
Your body sometimes deteriorates upon taking damage.
Your flesh is heat resistant. (rF+)
You are frail. (-10% HP)
You are somewhat resistant to further mutation.
You passively map a small area around you.
You sometimes yell uncontrollably at your foes.
You are resistant to electric shocks. (rElec)
Your muscles are strong. (Str +2)
You expend magic power (3 MP) to strengthen your wands.


Message History

Press: ? - help, Shift-Dir - straight line, f - bullfrog
Aim: a bullfrog (severely wounded, fast)
The bolt of acid misses the bullfrog.
You feel a surge of power!
The bullfrog misses you. x2; The bullfrog hits you!
You die...
You are now level 9!
You rejoin the land of the living...
Partly explored, can't reach some items and places.
Partly explored, can't reach some items and places.
Partly explored, can't reach some items and places.
There is a stone staircase leading down here.
Okay, then.
You climb downwards.
A crocodile comes into view.
There is a stone staircase leading up here.
A blink frog comes into view. 2 blink frogs come into view.
The blink frog gives a loud, deep croak! x2
A blink frog comes into view.
Are you sure you want to abandon this character and quit the game? (Confirm with "yes".)

*** ###..P
##..F.. ,
#..F...* ,,
#..F...## ,*
#.......* , *
#....tF## ...
, * #.......#
... *
#.....@.## ...
*##........##
... *
#..........#
...
#..........#
...,,
##...<.....#
...
.............#
...
###.........P#
...
#.........##
...
#.........#


You could see 4 blink frogs and a crocodile (wandering).

Vanquished Creatures
  A hydra (Lair:1)
  Pikel (D:9)
  Joseph (D:9)
  2 gargoyles
  A spiny frog (Lair:1)
  A komodo dragon (D:8)
  Prince Ribbit (D:6)
  2 hippogriffs
  A vampire (D:10)
  7 yaks
  A wraith (D:9)
  2 hungry ghosts
  A floating eye (D:11)
  A water moccasin (Lair:1)
  2 slaves (D:9)
  A porcupine (Lair:1)
  2 sky beasts
  A black bear (D:9)
  An orc warrior (D:11)
  An ice beast (D:9)
  3 phantoms
  4 ogres
  2 necrophages
  2 centaurs (D:9)
  A crocodile (D:7)
  3 big kobolds
  5 bullfrogs
  Blork the orc (D:4)
  A gnoll sergeant (D:9)
  A wyvern zombie (D:10)
  2 scorpions
  A wyvern skeleton (D:11)
  A killer bee (D:10)
  7 wights (D:9)
  2 howler monkeys
  3 crimson imps
  A quasit (D:8)
  A bullfrog zombie (D:5)
  An orc priest (D:5)
  9 orc wizards
  A jelly (D:9)
  5 hounds
  A bullfrog skeleton (D:6)
  An iguana (D:10)
  4 worker ants
  2 killer bee zombies
  5 ogre zombies (D:9)
  A hound zombie (D:3)
  8 gnolls
  9 adders
  2 shadow imps
  3 oozes
  An adder zombie (D:6)
  2 adder skeletons
  2 dart slugs
  4 worms
  9 leopard geckos
  24 orcs
  A ball python (D:1)
  7 bats
  8 giant cockroaches
  8 goblins
  9 hobgoblins
  8 jackals (D:1)
  4 quokkas
  A ball python skeleton (D:4)
  6 frilled lizards
  A goblin skeleton (D:9)
  2 goblin zombies (D:9)
  A hobgoblin skeleton (D:9)
  3 hobgoblin zombies (D:9)
  26 kobolds
  A leopard gecko skeleton (D:7)
  A leopard gecko zombie (D:5)
  2 orc skeletons (D:9)
  7 orc zombies (D:9)
  10 rats
272 creatures vanquished.

Vanquished Creatures (collateral kills)
  An ogre (D:4)
  A scorpion (D:8)
  2 wights
  A crimson imp (D:6)
  2 orc priests (D:5)
  2 hounds
  A jelly (D:5)
  An orc wizard (D:5)
  An adder (D:4)
  2 orcs
  A quokka (D:8)
  A goblin skeleton (D:9)
  An orc skeleton (D:9)
17 creatures vanquished.

Vanquished Creatures (others)
  A slave (D:9)
  A ball lightning (D:2)
  A hobgoblin (D:1)
  An orc skeleton (D:9)
  A plant (D:8)
5 creatures vanquished.

Grand Total: 294 creatures vanquished

Notes
Turn   | Place    | Note
-------+----------+-------------------------------------------
     0 | D:1      | iamserjio the Felid Chaos Knight began the quest for the Orb.
     0 | D:1      | Reached XP level 1. HP: 10/10 MP: 2/2
    71 | D:1      | Reached skill level 1 in Stealth
   195 | D:2      | Reached XP level 2. HP: 12/14 MP: 3/3
   675 | D:1      | Reached XP level 3. HP: 17/17 MP: 4/4
   986 | D:1      | XOM: summons 1 hostile demon
  1463 | D:2      | XOM: give mutations
  1463 | D:2      | Gained mutation: You occasionally shout uncontrollably at your foes. [Xom's mischief]
  1463 | D:2      | Gained mutation: Your body sometimes deteriorates upon taking damage. [Xom's mischief]
  1463 | D:2      | Gained mutation: Your body often deteriorates upon taking damage. [Xom's mischief]
  1463 | D:2      | Gained mutation: You are clumsy. (Dex -2) [Xom's mischief]
  1549 | D:2      | XOM: god gift: 2 brown potions {god gift}
  1598 | D:2      | XOM: butterfly on damage
  1624 | D:2      | XOM: give mutations
  1624 | D:2      | Gained mutation: Your flesh is heat resistant. (rF+) [Xom's grace]
  1624 | D:2      | Gained mutation: Your mind is acute. (Int +2) [Xom's grace]
  1764 | D:1      | XOM: mild Tmut miscast
  1987 | D:2      | XOM: butterfly on damage
  2012 | D:2      | XOM: cast spell 'Chain of Chaos'
  2072 | D:2      | Noticed a sky beast
  2317 | D:2      | Found a white marble altar of Elyvilon.
  2475 | D:2      | XOM is BORED!
  2724 | D:2      | XOM: mild Fire miscast
  2810 | D:2      | XOM: fog
  2811 | D:2      | XOM: butterfly on damage
  2847 | D:1      | XOM: harmless Tloc miscast
  2974 | D:2      | XOM: butterfly on damage
  3165 | D:3      | Reached XP level 4. HP: 17/21 MP: 5/5
  3580 | D:4      | Found a staircase to the Ecumenical Temple.
  3580 | D:4      | XOM: 1-stop teleportation journey
  3609 | D:4      | XOM: enchant monster (good)
  3628 | D:4      | XOM: fake destruction
  3722 | D:2      | XOM: god gift: 5 rations
  3901 | D:2      | XOM: torment (9/21 hp)
  3984 | D:2      | XOM: severe Air miscast
  3986 | D:2      | HP: 1/21 [ball lightning[the severe capriciousness of Xom] (14)]
  4004 | D:2      | XOM: torment (2/21 hp)
  4021 | D:2      | XOM: harmless Air miscast
  4100 | D:2      | XOM: give mutations
  4100 | D:2      | Lost mutation: Your mind is acute. (Int +2) [Xom's mischief]
  4100 | D:2      | Gained mutation: You are frail. (-10% HP) [Xom's mischief]
  4100 | D:2      | Gained mutation: You expend magic power (3 MP) to strengthen your wands. [Xom's mischief]
  4311 | D:3      | XOM: butterfly on damage
  4373 | D:3      | XOM: harmless Conj miscast
  4412 | D:3      | XOM: stat loss: -1 Int (8/13)
  4567 | D:4      | XOM: harmless Tloc miscast
  4586 | D:4      | XOM: 3-stop teleportation journey
  4596 | D:4      | Reached XP level 5. HP: 3/21 MP: 6/6
  4880 | D:4      | Noticed a phantom
  4880 | D:4      | Noticed an ogre
  4896 | D:3      | XOM: divination: detect items
  4902 | D:3      | XOM: butterfly on damage
  4902 | D:3      | XOM: smoke on damage
  4905 | D:3      | XOM: divination: detect creatures
  4965 | D:4      | XOM: cloud trail
  5140 | D:3      | XOM: mild Tmut miscast
  5421 | D:4      | Found Ezuc's Gadget Boutique.
  5494 | D:4      | XOM: summons 2 hostile demons
  5692 | D:4      | XOM: summons 5 friendly demons
  5693 | D:4      | XOM: harmless Tloc miscast
  5699 | D:4      | Killed an ogre
  5839 | D:4      | XOM: harmless Air miscast
  5916 | D:4      | Noticed Blork the orc
  5926 | D:4      | XOM: enchant monster (good)
  5927 | D:4      | Killed Blork the orc
  5927 | D:4      | Reached skill level 5 in Dodging
  5927 | D:4      | Reached skill level 5 in Stealth
  5927 | D:4      | Gained mutation: You are covered in thick fur. (AC +2) [Felid growth]
  5927 | D:4      | Reached XP level 6. HP: 19/25 MP: 7/7
  6237 | D:4      | XOM: give mutations
  6237 | D:4      | Lost mutation: You are clumsy. (Dex -2) [Xom's mischief]
  6237 | D:4      | Gained mutation: You are very frail. (-20% HP) [Xom's mischief]
  6237 | D:4      | Lost mutation: Your body often deteriorates upon taking damage. [Xom's mischief]
  6326 | D:4      | XOM: give mutations
  6326 | D:4      | Gained mutation: You sometimes yell uncontrollably at your foes. [Xom's mischief]
  6326 | D:4      | Lost mutation: You are very frail. (-20% HP) [Xom's mischief]
  6326 | D:4      | Lost mutation: You expend magic power (3 MP) to strengthen your wands. [Xom's mischief]
  6326 | D:4      | Gained mutation: Your thick and shaggy fur keeps you warm. (AC +3, rC+) [Xom's mischief]
  6337 | D:4      | Reached skill level 5 in Unarmed Combat
  6825 | D:2      | XOM: severe Summ miscast
  6826 | D:2      | Noticed a worldbinder
  6829 | D:2      | Noticed a dream sheep
  7015 | D:3      | XOM: draining
  7067 | D:2      | XOM: harmless Tloc miscast
  7079 | D:2      | Killed a sky beast
  7208 | D:2      | XOM: silly message
  7421 | Temple   | Entered the Ecumenical Temple
  7496 | D:5      | Entered Level 5 of the Dungeon
  7504 | D:5      | Found a sparkling altar of Nemelex Xobeh.
  7507 | D:5      | XOM is BORED!
  7507 | D:5      | Found a white marble altar of Elyvilon.
  7507 | D:5      | Found a glowing golden altar of the Shining One.
  7507 | D:5      | Found a stormy altar of Qazlal.
  7507 | D:5      | Found an iron altar of Okawaru.
  7507 | D:5      | XOM: 1-stop teleportation journey
  7511 | D:5      | XOM: summons friendly white imp
  7518 | D:5      | Reached XP level 7. HP: 18/27 MP: 8/8
  7521 | D:5      | XOM: confusion (+ monsters)
  7555 | D:5      | Killed from afar by an orc priest
  7556 | D:5      | Reached XP level 6. HP: -5/25 MP: 7/7
  7569 | D:5      | Found a deep blue altar of Sif Muna.
  7612 | D:5      | XOM: god gift: ration
  7937 | D:5      | Learned a level 1 spell: Animate Skeleton
  7939 | D:5      | Learned a level 1 spell: Confusing Touch
  7960 | D:5      | XOM: mild Conj miscast
  7994 | D:5      | Reached skill level 1 in Hexes
  8024 | D:5      | XOM: summons 1 hostile shadow creature
  8237 | D:5      | XOM: summons 6 friendly demons
  8267 | D:5      | XOM: potion effect (might)
  8287 | D:6      | Reached skill level 1 in Necromancy
  8287 | D:6      | Reached XP level 7. HP: 12/27 MP: 7/9
  8396 | D:6      | XOM: god gift: 51 gold pieces
  8448 | D:6      | XOM: give mutations
  8448 | D:6      | Gained mutation: You are somewhat resistant to further mutation. [Xom's grace]
  8448 | D:6      | Gained mutation: You passively map a small area around you. [Xom's grace]
  8494 | D:6      | Reached skill level 1 in Spellcasting
  8544 | D:6      | XOM: give mutation
  8544 | D:6      | Gained mutation: You are clumsy. (Dex -2) [Xom's mischief]
  8605 | D:6      | XOM: cloud trail
  8769 | D:6      | XOM: mild Chrm miscast
  9002 | D:6      | XOM: butterfly on damage
  9041 | D:6      | XOM: cast spell 'Shadow Creatures'
  9062 | D:6      | XOM: potion effect (heal wounds)
  9074 | D:6      | Noticed Prince Ribbit
  9082 | D:6      | XOM: potion effect (might)
  9084 | D:6      | XOM: harmless Hex miscast
  9092 | D:6      | Killed Prince Ribbit
  9092 | D:6      | Reached XP level 8. HP: 19/32 MP: 6/11
  9309 | D:6      | XOM: silly message
  9517 | D:6      | You fall through a shaft for 2 floors!
  9517 | D:8      | XOM: stealth player
  9517 | D:8      | Found a transporter.
  9523 | D:8      | Found Leill's Magic Scroll Shop.
  9523 | D:8      | Noticed p0werm0de's ghost (novice VSWn)
  9529 | D:8      | Bought a scroll of teleportation for 33 gold pieces
  9529 | D:8      | Bought 2 scrolls of teleportation for 66 gold pieces
  9529 | D:8      | Bought a scroll of immolation for 38 gold pieces
  9529 | D:8      | Bought a scroll of magic mapping for 38 gold pieces
  9529 | D:8      | Bought a scroll of magic mapping for 38 gold pieces
  9529 | D:8      | Bought a scroll of remove curse for 33 gold pieces
 10096 | D:7      | XOM: harmless Necr miscast
 10097 | D:7      | XOM: harmless Pois miscast
 10107 | D:7      | XOM: potion effect (curing)
 10192 | D:7      | Found a corrupted altar of Lugonu.
 10267 | D:7      | XOM: harmless Erth miscast
 10497 | D:7      | Found a glowing golden altar of the Shining One.
 10512 | D:7      | XOM: potion effect (berserk rage)
 10692 | D:7      | Found a transporter.
 10795 | D:7      | XOM: scenery: 1 doors open, 1 doors close
 10820 | D:7      | Found a transporter.
 10826 | D:7      | Noticed iamserjio's ghost (novice TrFi)
 10827 | D:7      | Found a transporter.
 10831 | D:7      | Noticed a two-headed ogre
 11118 | D:6      | XOM: god gift: leather armour {god gift}
 11427 | D:5      | XOM: divination: detect creatures
 11647 | D:5      | Found a shattered altar of Ashenzari.
 11986 | D:7      | XOM is BORED!
 11986 | D:7      | XOM: mild Pois miscast
 12230 | D:8      | Found a transporter.
 12310 | D:8      | You fall through a shaft for 3 floors!
 12317 | D:11     | Reached XP level 9. HP: 35/35 MP: 14/14
 12519 | D:11     | Noticed a two-headed ogre
 12541 | D:11     | XOM: enchant monster (good)
 12582 | D:11     | XOM: cast spell 'Ring of Flames'
 12584 | D:11     | a two-headed ogre changed into a floating eye
 12584 | D:11     | XOM: polymorph two-headed ogre -> floating eye
 13057 | D:10     | Entered Level 10 of the Dungeon
 13057 | D:10     | Noticed a two-headed ogre
 13066 | D:10     | XOM: potion effect (haste)
 13288 | D:9      | XOM: god gift: glowing great mace {god gift}
 13467 | D:9      | XOM: swap monsters
 13468 | D:9      | Reached skill level 1 in Evocations
 13533 | D:9      | XOM: scenery: create altars
 13536 | D:9      | XOM: fog
 13645 | D:9      | XOM: cast spell 'Olgreb's Toxic Radiance'
 13650 | D:9      | XOM: summons 4 friendly demons
 13673 | D:9      | Noticed Joseph
 13732 | D:9      | Found Qeomon's Food Emporium.
 13826 | D:9      | XOM: potion effect (might)
 13832 | D:9      | XOM: potion effect (brilliance)
 13836 | D:9      | XOM: harmless Chrm miscast
 13842 | D:9      | XOM: potion effect (agility)
 13844 | D:9      | XOM: potion effect (berserk rage)
 13848 | D:9      | XOM: potion effect (haste)
 13852 | D:9      | XOM: potion effect (brilliance)
 13856 | D:9      | XOM: potion effect (haste)
 13896 | D:8      | Found a staircase to the Lair.
 13896 | D:8      | Noticed a komodo dragon
 13933 | D:8      | Found Nediag's Antique Weapon Emporium.
 14009 | D:8      | XOM: give mutations
 14009 | D:8      | Gained mutation: Your muscles are strong. (Str +2) [Xom's grace]
 14009 | D:8      | Gained mutation: Your mind is acute. (Int +2) [Xom's grace]
 14009 | D:8      | Gained mutation: You are resistant to electric shocks. (rElec) [Xom's grace]
 14009 | D:8      | Gained mutation: You expend magic power (3 MP) to strengthen your wands. [Xom's grace]
 14229 | D:8      | XOM is BORED!
 14229 | D:8      | XOM: summons 2 hostile shadow creatures
 14242 | D:8      | XOM: enchant monster (good)
 14254 | D:8      | Killed a komodo dragon
 14381 | D:9      | XOM: cleaving
 14409 | D:9      | Reached skill level 5 in Fighting
 14618 | D:9      | XOM: confuse monster(s)
 14700 | D:9      | XOM: enchant monster (good)
 14722 | D:9      | XOM: cleaving
 14725 | D:9      | XOM: enchant monster (bad)
 14906 | D:8      | XOM: medium Conj miscast
 15067 | D:8      | XOM: harmless Chrm miscast
 15118 | D:8      | XOM: cloud trail
 15186 | D:9      | Noticed Pikel
 15198 | D:9      | XOM: cast spell 'Summon Ice Beast'
 15221 | D:9      | XOM: summons friendly shadow imp
 15227 | D:9      | XOM: confuse monster(s)
 15228 | D:9      | Killed Pikel
 15228 | D:9      | Reached XP level 10. HP: 39/39 MP: 15/17
 15330 | D:9      | XOM: divination: detect items
 15447 | D:9      | Noticed a gargoyle
 15449 | D:9      | XOM: destruction
 15460 | D:9      | Killed a gargoyle
 15628 | D:9      | Found a staircase to the Orcish Mines.
 15737 | D:9      | XOM: butterfly on damage
 15742 | D:9      | Killed Joseph
 15742 | D:9      | Reached skill level 5 in Evocations
 15829 | D:9      | XOM: divination: detect creatures
 15896 | D:9      | XOM: god gift: golden potion {god gift}
 16028 | D:9      | XOM: butterfly on damage
 16114 | D:9      | XOM: scenery: 2 doors close
 16384 | D:9      | Learned a level 1 spell: Summon Butterflies
 16388 | D:9      | Learned a level 3 spell: Tukima's Dance
 16404 | D:10     | Noticed a gargoyle
 16419 | D:10     | XOM: potion effect (haste)
 16421 | D:10     | Killed a gargoyle
 16597 | D:10     | XOM: cleaving
 16604 | D:10     | Reached skill level 10 in Stealth
 16608 | D:10     | XOM: scenery: create altars
 16779 | D:10     | Noticed Josephine
 16792 | D:10     | XOM: summons 2 friendly demons
 16958 | D:10     | XOM: confuse monster(s)
 17029 | D:9      | Reached skill level 10 in Unarmed Combat
 17045 | D:10     | XOM: mild Tloc miscast
 17089 | D:10     | XOM: swap monsters
 17089 | D:10     | XOM: butterfly on damage
 17117 | D:10     | XOM: harmless Tloc miscast
 17193 | Orc:1    | Entered Level 1 of the Orcish Mines
 17193 | Orc:1    | Noticed an orc knight
 17193 | Orc:1    | Noticed an orc high priest
 17251 | Lair:1   | Entered Level 1 of the Lair of Beasts
 17260 | Lair:1   | XOM: potion effect (agility)
 17274 | Lair:1   | XOM: polymorph water moccasin -> ogre
 17275 | Lair:1   | XOM: potion effect (agility)
 17286 | Lair:1   | XOM: butterfly on damage
 17289 | D:8      | Slain by a yak
 17290 | D:8      | Reached XP level 9. HP: -5/36 MP: 11/16
 17367 | Lair:1   | Reached XP level 10. HP: 40/40 MP: 15/17
 17392 | Lair:1   | Noticed a seven-headed hydra
 17400 | Lair:1   | Killed a seven-headed hydra
 17400 | Lair:1   | Reached skill level 10 in Dodging
 17494 | Lair:1   | XOM: silly message
 17643 | Lair:1   | Noticed a spiny frog
 17657 | Lair:1   | Killed a spiny frog
 17690 | Lair:1   | XOM: medium Fire miscast
 18091 | Lair:1   | XOM: mild Summ miscast
 18320 | Lair:1   | XOM: harmless Hex miscast
 18322 | Lair:1   | XOM: enchant monster (bad)
 18341 | Lair:1   | Slain by a bullfrog
 18342 | Lair:1   | Reached XP level 9. HP: -4/36 MP: 14/16
 18362 | Lair:2   | Quit the game

Skill      XL: |  1  2  3  4  5  6  7  8  9 10 |
---------------+-------------------------------+-----
Stealth        | 1 2 3 4 5 6 8 9 10 | 10.7
Dodging        | 4 5 6 7 8 10 | 10.2
Unarmed Combat | 4 6 7 9 10 | 10.6
Hexes          | 1 3 |  3.0
Necromancy     | 1 2 |  2.1
Spellcasting   | 1 3 4 |  4.0
Fighting       | 4 5 6 |  6.0
Evocations     | 4 6 |  6.0

Action                   |  1- 3 |  4- 6 |  7- 9 | 10-12 || total
-------------------------+-------+-------+-------+-------++-------
Melee: Unarmed           |   161 |   265 |   448 |   262 ||  1136
       Bite              |    13 |    30 |    43 |    27 ||   113
       Punch             |       |     2 |    16 |    11 ||    29
 Cast: Confusing Touch   |       |     2 |    57 |    38 ||    97
       Animate Skeleton  |       |       |    18 |     5 ||    23
Evoke: Wand              |       |       |    15 |     7 ||    22
  Use: Potion            |       |     1 |     1 |     2 ||     4
       Scroll            |       |     3 |     5 |     3 ||    11
 Stab: Sleeping          |     9 |    10 |     8 |     8 ||    35
       Petrified         |       |     3 |       |       ||     3
       Paralysed         |       |     1 |     3 |       ||     4
       Confused          |       |     3 |    31 |    25 ||    59
       Distracted        |       |       |     1 |     3 ||     4
  Eat: Chunk             |    11 |     9 |    20 |    16 ||    56
Armor: Skin              |     4 |     9 |    11 |     7 ||    31
Dodge: Dodged            |   103 |   260 |   281 |   162 ||   806
